 Dungeon Crawl Stone Soup version 0.28-a0-537-g3bccd9ccbf (webtiles) character file.

Game seed: 9966162091516995655

16 lunkers the Skirmisher (level 2, -1/25 HPs)
             Began as a Djinni Cinder Acolyte on Sept 27, 2021.
             Was a High Priest of Ignis.
             Slain by a rat (2 damage)
             ... on level 1 of the Dungeon.
             The game lasted 00:00:55 (807 turns).

lunkers the Skirmisher (Djinni Cinder Acolyte)       Turns: 807, Time: 00:00:55

Health: -1/25      AC:  2    Str: 13    XL:     2   Next: 75%
Gold:   0          EV: 11    Int: 15    God:    Ignis [*****.] SH:  0 Dex:  8

rFire   + + +      SeeInvis .   a - -1 falchion (flame)
rCold   x . .      Faith    .   (no shield)
rNeg    . . .      Spirit   .   b - +0 robe
rPois   ∞          Reflect  .   (no helmet)
rElec   .          Harm     .   (no cloak)
rCorr   .          Rampage  .   (no gloves)
Will    .....                   (boots unavailable)
Stlth   +.........              (no amulet)
HPRegen 0.08/turn               (no ring)
MPRegen 0.00/turn               (no ring)

@: flying, very slightly contaminated
A: sickness immunity, fire resistance 2, cold vulnerability 1, float, innate
caster, hp casting, extra vitality 1
a: Renounce Religion, Sea of Fire, Foxfire Swarm, Rising Flame


You were on level 1 of the Dungeon.
You worshipped Ignis.
Ignis was extremely pleased with you.
You visited 1 branch of the dungeon, and saw 1 of its levels.

Inventory:

Hand Weapons
 a - a -1 falchion of flaming (weapon)
Armour
 b - a +0 robe (worn)
Scrolls
 d - a scroll of noise {unknown}
Potions
 c - a potion of lignification {unknown}


   Skills:
 + Level 3.2 Fighting
 - Level 2.6 Long Blades
 * Level 2.8 Spellcasting


You had 4 spell levels left.
You knew the following spells:

 Your Spells              Type           Power      Damage    Failure   Level
p - Scorch                Fire           20%        2d6       10%         2
Your spell library was empty.

Dungeon Overview and Level Annotations

Branches:
Dungeon (1/15)

Altars:


Innate Abilities, Weirdness & Mutations

You are immune to sickness and miasma.
You are immune to poison.
Your flesh is very heat resistant. (rF++)
You are vulnerable to cold. (rC-)
You float through the air rather than walking.
You learn spells naturally, not from books.
Your magical power is your life essence.
You have superior vitality. (+4 HP)


Message History

Press: ? - help, Q - select action Dir - look around, f - activate You miscast Scorch.
Nothing appears to happen.
* * * LOW HITPOINT WARNING * * *
The bat closely misses you.
Unknown command.
Casting: Scorch (safe; 10% risk of failure)
Press: ? - help, Q - select action Dir - look around, f - activate Flames lash the bat.
You kill the bat!
* * * LOW HITPOINT WARNING * * *
The bat barely misses you.
Unknown command.
Casting: Scorch (safe; 10% risk of failure)
Press: ? - help, Q - select action Dir - look around, f - activate You miscast Scorch.
Nothing appears to happen.
* * * LOW HITPOINT WARNING * * *
The bat barely misses you.
Unknown command.
Casting: Scorch (safe; 10% risk of failure)
Press: ? - help, Q - select action Dir - look around, f - activate Flames lash the bat.
You kill the bat!
* * * LOW HITPOINT WARNING * * *
Unknown command.
The rat bites you but does no damage.
You hit the rat but do no damage. The rat misses you.
You hit the rat but do no damage. The rat bites you.
* * * LOW HITPOINT WARNING * * *
Casting: Scorch (safe; 10% risk of failure)
Press: ? - help, Q - select action Dir - look around, f - activate You miscast Scorch.
Nothing appears to happen.
* * * LOW HITPOINT WARNING * * *
The rat bites you.
* * * LOW HITPOINT WARNING * * *
Unknown command.
You don't have enough health to cast this spell.
Unknown command.
Unknown command.
You hit the rat but do no damage. The rat bites you.
You die...

############ ####..rr@.....#
..#.########.# # ###.#...# #.#
###.#.#.#...######.###########
>.....(.r.....................
##.#...#...######.###........
#.#.#.### #.# #........
#.#.#.# #.###........ #...#.#
#(##.........


You could see a quokka and a rat.

Vanquished Creatures
  A dart slug (D:1)
  An endoplasm (D:1)
  2 goblins (D:1)
  2 hobgoblins (D:1)
  A kobold (D:1)
  2 ball pythons (D:1)
  3 bats (D:1)
  A frilled lizard (D:1)
  A rat (D:1)
14 creatures vanquished.

Notes
Turn   | Place    | Note
-------+----------+-------------------------------------------
     0 | D:1      | lunkers the Djinni Cinder Acolyte began the quest for the
                  | Orb.
     0 | D:1      | Reached XP level 1. HP: 20/20 MP: 0/0
   262 | D:1      | Reached XP level 2. HP: 11/25 MP: 0/0
   267 | D:1      | HP: 1/25 [hobgoblin (4)]
   806 | D:1      | HP: 1/25 [rat (1)]
   807 | D:1      | Slain by a rat

Illustrated notes

Levels and vault maps discovered:
D:1:      lightli_arrival_farm, layout_basic

Action                   || total
-------------------------++-------
Melee: Falchion          ||    48
 Cast: Scorch            ||     3
Armor: Robe              ||    20
Dodge: Dodged            ||    54

Table legend: (Time is in decaauts)
 A = Elapsed time spent in this place.
 B = Non-inter-level travel time spent in this place.
 C = Inter-level travel time spent in this place.
 D = Time resting spent in this place.
 E = Time spent auto-exploring this place.
 F = Levels seen in this place.
 G = Mean time per level.
                   A        B        C        D        E       F      G
               +--------+--------+--------+--------+--------+-----+--------+
         Total |    814 |    814 |      0 |    197 |    483 |   1 |  814.0 |
       Dungeon |    814 |    814 |      0 |    197 |    483 |   1 |  814.0 |
               +--------+--------+--------+--------+--------+-----+--------+

Top non-repeatable levels by time:
     D:1: 814 daAuts
